 Dungeon Crawl Stone Soup version 0.30-a0-1016-gfb0d676c02 (webtiles) character file.

Game seed: 8641921150232961214

811 senseless the Ducker (level 7, -4/47 HPs)
             Began as an Octopode Transmuter on Apr 6, 2023.
             Slain by an orc warrior
             ... wielding a +0 scimitar
              (16 damage)
             ... on level 5 of the Dungeon.
             The game lasted 00:12:05 (3977 turns).

senseless the Ducker (Octopode Transmuter)          Turns: 3977, Time: 00:12:06

Health: -4/47      AC:  1    Str: 11    XL:     7   Next: 93%
Magic:  12/12      EV: 14    Int: 16    God:
Gold:   254        SH:  0    Dex: 12    Spells: 10/13 levels left

rFire   . . .      SeeInvis .    d - +10 mace "Vicrykh" {flame, rPois}
rCold   . . .      Faith    .    (no shield)
rNeg    . . .      Spirit   .    (helmet currently unavailable)
rPois   +          Reflect  .    (no amulet)
rElec   .          Rampage  .    (no ring)
rCorr   .                        (no ring)
Will    .....                    (no ring)
Stlth   ++                       (no ring)
HPRegen 0.27/turn                (no ring)
MPRegen 0.13/turn                (no ring)
                                 (no ring)
                                 (no ring)

@: appendages (expiring)
A: tentacle spike 3, almost no armour, amphibious, 8 rings, camouflage 1,
gelatinous body 1, (nimble swimmer 1), tentacles
a: End Transformation


You were on level 5 of the Dungeon.
One of your tentacles had grown a beastly spike.
You visited 1 branch of the dungeon, and saw 5 of its levels.

You collected 254 gold pieces.

Inventory:

Hand Weapons
 d - the +10 mace "Vicrykh" (weapon) {flame, rPois}
   (You found it on level 2 of the Dungeon)

   rPois:     It protects you from poison.
 f - a +2 war axe of venom
 i - a +1 dagger of speed
 n - the +10 dagger "Uneotac" {protect, Str+5}
   (You found it on level 4 of the Dungeon)

   Str:       It affects your strength (+5).
Wands
 e - a wand of paralysis (9)
 l - a wand of acid (15)
Scrolls
 b - 2 scrolls of teleportation
 q - a scroll of blinking
Potions
 a - a potion of lignification
 c - a potion of magic
 g - 2 potions of curing
 h - 2 potions of heal wounds {unknown}
 j - 2 potions of flight {unknown}
 k - a potion of haste {unknown}
 p - a potion of attraction {unknown}


   Skills:
 + Level 3.7 Fighting
 + Level 3.2 Maces & Flails
 + Level 4.2 Dodging
 - Level 3.3 Unarmed Combat
 + Level 3.9 Spellcasting
 + Level 4.2 Transmutations


You had 10 spell levels left.
You knew the following spells:

 Your Spells              Type           Power      Damage    Failure   Level
a - Beastly Appendage     Tmut           32%        N/A       3%          1
b - Wereblood             Tmut           16%        N/A       4%          2

Your spell library contained the following spells:

 Spells                   Type           Power      Damage    Failure   Level
 Spider Form              Tmut/Pois      9%         N/A       22%         3
 Sublimation of Blood     Necr           3%         N/A       26%         2
 Summon Guardian Golem    Hex/Summ       3%         N/A       45%         3
 Ice Form                 Ice/Tmut       9%         N/A       56%         4
 Malign Gateway           Summ/Tloc      1%         N/A       100%        7
 Orb of Destruction       Conj           1%         9d5       100%        7
 Spellforged Servitor     Conj/Summ      1%         N/A       100%        7
 Summon Hydra             Summ           1%         N/A       100%        7
 Summon Horrible Things   Summ           1%         N/A       100%        8


Dungeon Overview and Level Annotations

Branches:
Dungeon (5/15)
 Temple: D:4-7

Altars:
Uskayaw

Shops:
D:4 =


Innate Abilities, Weirdness & Mutations

One of your tentacles has grown a beastly spike.
You cannot wear most types of armour.
You are amphibious.
You can wear up to eight rings at the same time.
Your skin changes colour to match your surroundings (Stealth+).
Your rubbery body absorbs attacks. (AC +1, EV +1)
((You are camouflaged when in or above water. (Stealth+)))
You have tentacles for arms and can constrict up to eight enemies at once.


Message History

You pierce the orc warrior.
The orc warrior is lightly wounded.
Your transformation is almost over.
Your primal bloodlust has ended.
The orc warrior misses you. x2
You closely miss the orc warrior. Your grab misses the orc warrior.
You pierce the orc warrior, but do no damage.
The orc warrior is lightly wounded.
The orc warrior hits you with a +0 scimitar!
You hit the orc warrior. You burn the orc warrior. You grab the orc warrior.
You pierce the orc warrior, but do no damage.
The orc warrior is lightly wounded.
You constrict the orc warrior, but do no damage.
The orc warrior hits you with a +0 scimitar!
* * * LOW HITPOINT WARNING * * *
You hit the orc warrior but do no damage.
You pierce the orc warrior, but do no damage.
The orc warrior is lightly wounded.
You constrict the orc warrior, but do no damage.
The orc warrior misses you.
You hit the orc warrior but do no damage.
You pierce the orc warrior, but do no damage.
The orc warrior is lightly wounded.
You constrict the orc warrior. The orc warrior closely misses you.
You sock the orc warrior! You burn the orc warrior.
Your tentacle spike misses the orc warrior.
You squeeze the orc warrior!
The orc warrior is almost dead.
You constrict the orc warrior, but do no damage.
The orc warrior hits you with a +0 scimitar.
* * * LOW HITPOINT WARNING * * *
The orc warrior barely misses you.
You barely miss the orc warrior.
You pierce the orc warrior.
The orc warrior is almost dead.
You constrict the orc warrior, but do no damage.
The orc warrior barely misses you.
You barely miss the orc warrior.
The orc warrior is almost dead.
You constrict the orc warrior.
The orc warrior hits you with a +0 scimitar!
You die...

## #.. #.# #.#
#.# ## #.##.##
.#######.#...###
.....oo@........
.##.####.#...##
#<# ## #.# #..
###. .# #


You could see an orc warrior and an orc.

Vanquished Creatures
  Grinder (D:3)
  A black bear (D:4)
  An ogre (D:4)
  An orc priest (D:5)
  2 jellies (D:4)
  A gnoll bouda (D:4)
  Natasha (thrice) (D:2)
  An iguana (D:4)
  An orc wizard (D:4)
  7 adders
  4 ufetubi
  2 worms
  7 dart slugs
  8 orcs
  7 bats
  7 endoplasms
  5 giant cockroaches
  8 goblins
  9 hobgoblins
  4 jackals (D:4)
  8 kobolds
  2 quokkas
  9 ball pythons
  3 frilled lizards
  5 rats
107 creatures vanquished.

Vanquished Creatures (others)
  3 fungi (D:2)
  7 plants (D:2)
10 creatures vanquished.

Grand Total: 117 creatures vanquished

Notes
Turn   | Place    | Note
-------+----------+-------------------------------------------
     0 | D:1      | senseless the Octopode Transmuter began the quest for the
                  | Orb.
     0 | D:1      | Reached XP level 1. HP: 13/13 MP: 3/3
   148 | D:1      | Reached XP level 2. HP: 18/18 MP: 3/5
   151 | D:1      | Learned a level 2 spell: Wereblood
   685 | D:1      | Reached XP level 3. HP: 23/23 MP: 4/6
  1128 | D:2      | Found a hide-covered altar of Uskayaw.
  1168 | D:2      | Identified the +10 mace "Vicrykh" {flame, rPois}
  1305 | D:2      | Noticed Natasha
  1313 | D:2      | Killed Natasha
  1314 | D:2      | Reached XP level 4. HP: 25/29 MP: 5/7
  1608 | D:2      | Noticed Natasha
  1615 | D:2      | Killed Natasha
  1616 | D:2      | Reached skill level 1 in Maces & Flails
  1624 | D:2      | Noticed Natasha
  1628 | D:2      | Killed Natasha
  1629 | D:2      | Reached XP level 5. HP: 22/34 MP: 6/9
  2273 | D:3      | Noticed Grinder
  2277 | D:3      | Paralysed by Grinder for 2 turns
  2281 | D:3      | Killed Grinder
  2282 | D:3      | Reached XP level 6. HP: 33/41 MP: 10/10
  2746 | D:4      | Found Cytouz's Jewellery Shoppe.
  2861 | D:4      | Noticed a black bear
  2863 | D:4      | Reached XP level 7. HP: 46/46 MP: 8/12
  3029 | D:4      | Identified the +10 dagger "Uneotac" {protect, Str+5}
  3815 | D:5      | Entered Level 5 of the Dungeon
  3977 | D:5      | Slain by an orc warrior

Illustrated notes

Levels and vault maps discovered:
D:1:      dpeg_arrival_shelter, layout_loops_ring,
          nicolae_concentric_dashed_squares_wild, nicolae_eternal_life
D:2:      layout_basic, basic_altar, dreamdust_mushroom_princess, fountainhead,
          serial_bayou_lagoon_b, uniq_natasha
D:3:      minmay_angry_zag, layout_basic, uniq_grinder
D:4:      minmay_razor_zed, layout_loops_ring, serial_shops,
          nicolae_shop_behind_doors
D:5:      layout_loops_corners, mainiacjoe_overflow_concentric_impassable,
          minmay_temple_entry_antechambers, small_statue_intersection,
          dreamdust_princess_corridor, minmay_misc_feat_ornament, uniq_eustachio

Skill      XL: |  1  2  3  4  5  6  7 |
---------------+----------------------+-----
Fighting       | 2 3 |  3.7
Maces & Flails | 1 2 3 |  3.2
Dodging        | 3 4 |  4.2
Spellcasting   | 3 |  3.9
Transmutations | 3 4 |  4.2
Unarmed Combat | |  3.3

Action                     |  1- 3 |  4- 6 |  7- 9 || total
---------------------------+-------+-------+-------++-------
  Melee: Unarmed           |    16 |       |       ||    16
         Kick              |    16 |     8 |    20 ||    44
         Constrict         |    19 |    10 |    13 ||    42
         War axe           |    25 |       |       ||    25
         Tentacles         |     5 |     7 |    10 ||    22
         Punch             |     1 |     1 |     1 ||     3
         Mace              |     6 |    44 |    62 ||   112
   Cast: Beastly Appendage |    26 |    31 |    12 ||    69
         Wereblood         |     3 |     4 |     5 ||    12
    Use: Scroll            |     5 |     1 |     2 ||     8
   Stab: Sleeping          |     6 |     5 |     1 ||    12
 Armour: Skin              |     5 |     2 |     3 ||    10
  Dodge: Dodged            |    22 |    26 |    62 ||   110

Table legend: (Time is in decaauts)
 A = Elapsed time spent in this place.
 B = Non-inter-level travel time spent in this place.
 C = Inter-level travel time spent in this place.
 D = Time resting spent in this place.
 E = Time spent auto-exploring this place.
 F = Levels seen in this place.
 G = Mean time per level.
                   A        B        C        D        E       F      G
               +--------+--------+--------+--------+--------+-----+--------+
         Total |   4027 |   3647 |    380 |      0 |   2941 |   5 |  805.4 |
       Dungeon |   4027 |   3647 |    380 |      0 |   2941 |   5 |  805.4 |
               +--------+--------+--------+--------+--------+-----+--------+

Top non-repeatable levels by time:
     D:4: 1246 daAuts
     D:1: 1168 daAuts
     D:2: 848 daAuts
     D:3: 723 daAuts
     D:5: 41 daAuts
